Map: Acid Plant LE

Players

Woogie

  • Race: Zerg Zerg
  • League: Platinum
  • Spawn Location: 11:00

Pinkruru - Winner!

  • Race: Protoss Protoss
  • League: Platinum
  • Spawn Location: 5:00

VOD

Have the link to the VOD?

Description

Time

  • Played on: April 21, 2018, 2:14 p.m.
  • Length: 15:21
Show
View Real Time Build Order
Export as new Build Order

Woogie Zerg 

Build Orders: Hatch First 

Get SALT Encoding   

  12  0:01  Drone  
  13  0:14  Overlord  
  13  0:18  Drone  
  14  0:32  Drone x2  
  16  0:52  Drone, Hatchery  
  16  0:57  Extractor  
  16  0:58  Drone  
  16  1:01  Drone  
  17  1:19  Spawning Pool  
  17  1:22  Drone  
  17  1:24  Drone  
  18  1:34  Drone  
  19  1:40  Drone  
  20  2:06  Queen x2  
  20  2:07  Metabolic Boost  
  24  2:11  Overlord  
  24  2:14  Drone  
  25  2:18  Zergling x4  
  27  2:34  Drone x3  
  27  2:35  Drone  
  31  2:53  Drone x3  
  31  2:55  Hatchery  
  33  3:06  Drone x3  
  33  3:10  Overlord  
  36  3:15  Lair  
  36  3:29  Roach Warren  
  36  3:31  Extractor x2  
  33  3:36  Drone  
  33  3:37  Drone x6  
  40  3:48  Queen  
  40  3:55  Evolution Chamber  
  41  3:57  Evolution Chamber  
  40  4:06  Drone x2  
  40  4:07  Drone x2, Overlord  
  40  4:08  Drone x2  
  46  4:15  Overseer  
  46  4:19  Overlord  
  46  4:21  Overlord  
  46  4:23  Glial Reconstitution  
  46  4:33  Roach x3  
  48  4:50  Drone x5  
  48  4:51  Drone x2  
  48  4:52  Drone  
  54  4:53  Drone  
  55  5:10  Zerg Ground Armor Level 1, Zerg Missile Weapons Level 1  
  55  5:11  Spore Crawler, Roach x2  
  58  5:24  Queen  
  58  5:26  Drone x3  
  58  5:27  Drone x3  
  66  5:49  Drone  
  68  5:50  Drone  
  68  5:53  Extractor  
  68  5:54  Queen  
  69  5:58  Drone x5  
  69  5:59  Overlord  
  69  6:00  Overlord x3  
  74  6:16  Extractor  
  74  6:18  Extractor  
  71  6:23  Drone x6  
  71  6:24  Drone x2  
  78  6:39  Roach x3  
  84  6:44  Hatchery  
  83  7:01  Spore Crawler  
  83  7:07  Overlord x4  
  84  7:08  Roach  
  84  7:09  Roach x6  
  84  7:11  Overlord x2  
  96  7:18  Hydralisk Den  
  95  7:23  Queen  
  95  7:25  Queen x2  
  95  7:29  Zerg Missile Weapons Level 2  
  101  7:30  Infestation Pit  
  101  7:32  Zerg Ground Armor Level 2  
  98  8:00  Drone  
  98  8:01  Drone x3  
  98  8:05  Spine Crawler  
  101  8:29  Roach  
  101  8:30  Roach x16  
  101  8:31  Roach x4  
  143  8:35  Hive  
  143  8:39  Grooved Spines  
  143  8:43  Spire  
  142  8:50  Drone x2  
  142  8:53  Overlord  
  142  8:54  Overlord x6  
  140  9:13  Hydralisk x5  
  150  9:33  Drone  
  150  9:34  Drone x4  
  151  9:50  Muscular Augments  
  151  9:51  Hydralisk x9  
  151  9:52  Hydralisk x4  
  119  10:05  Zergling x20  
  129  10:08  Zerg Melee Weapons Level 1  
  129  10:09  Zerg Missile Weapons Level 3  
  129  10:11  Adrenal Glands  
  92  10:36  Overseer  
  92  10:56  Mutalisk  
  92  10:57  Mutalisk x10  
  94  11:01  Hatchery  
  113  11:04  Drone x3  
  113  11:05  Drone x2  
  118  11:23  Hatchery  
  117  11:42  Extractor  
  117  11:46  Extractor  
  113  11:51  Roach x7  
  113  11:52  Roach x8  
  117  12:12  Zergling x8  
  117  12:13  Zergling x12  
  121  12:25  Hydralisk x6  
  98  12:41  Roach x4  
  98  12:42  Roach x4  
  101  12:53  Hydralisk x4  
  55  13:32  Mutalisk x7  
  55  13:33  Mutalisk  
  75  13:36  Queen  
  75  13:41  Queen x2  
  69  13:57  Mutalisk  
  60  14:23  Drone x7  
  60  14:24  Drone x2  
  65  14:58  Extractor  
  64  15:01  Drone x3, Spine Crawler, Extractor  
  64  15:02  Drone x6  
  64  15:03  Drone x3  
Show
View Real Time Build Order
Export as new Build Order

Pinkruru Protoss - Winner!

Build Orders: Nexus First, Zealot Archon 

Get SALT Encoding   

  12  0:00  Probe  
  13  0:13  Probe  
  14  0:20  Pylon  
  14  0:25  Probe  
  15  0:34  Probe  
  15  0:42  Probe  
  17  0:52  Probe  
  18  1:03  Nexus  
  18  1:15  Gateway  
  18  1:18  Probe  
  19  1:23  Assimilator  
  19  1:27  Assimilator  
  19  1:30  Probe  
  20  1:38  Pylon  
  20  1:43  Probe  
  21  1:55  Probe  
  22  2:07  Probe  
  23  2:10  Cybernetics Core  
  23  2:17  Probe  
  23  2:19  Probe  
  23  2:21  Gateway  
  25  2:30  Pylon  
  25  2:32  Probe  
  25  2:33  Probe  
  27  2:47  Adept  
  27  2:48  Warp Gate  
  29  2:54  Twilight Council  
  29  2:57  Probe x2  
  31  3:13  Adept, Robotics Facility  
  31  3:15  Probe x2  
  35  3:20  Adept  
  37  3:27  Probe  
  37  3:28  Probe  
  37  3:32  Assimilator  
  37  3:34  Assimilator  
  39  3:41  Pylon  
  39  3:42  Probe x2  
  41  3:51  Templar Archives  
  41  3:56  Probe x2  
  41  3:58  Observer  
  45  4:10  Probe  
  45  4:12  Warp Prism  
  45  4:15  Adept  
  45  4:16  Adept  
  51  4:38  Gateway  
  51  4:40  Gateway  
  51  4:42  Immortal  
  51  4:56  Probe  
  51  4:57  Probe  
  53  5:05  Gateway  
  57  5:28  Immortal  
  57  5:31  Probe  
  57  5:32  Probe  
  57  5:35  Nexus  
  59  5:39  High Templar  
  61  5:47  Pylon  
  61  5:49  Pylon  
  61  5:52  Pylon  
  61  5:53  Pylon  
  61  5:59  Warp Prism  
  61  6:00  Probe  
  61  6:01  Gateway  
  62  6:05  Probe  
  62  6:07  High Templar x3  
  71  6:12  Probe  
  71  6:17  Probe  
  73  6:18  Archon  
  73  6:19  Archon  
  73  6:36  Charge  
  73  6:37  Forge  
  73  6:43  High Templar  
  73  6:44  High Templar x3  
  81  6:51  Probe  
  82  6:58  Nexus  
  72  7:01  Pylon  
  72  7:03  Probe, Observer  
  74  7:11  Sentry x2  
  74  7:12  Archon  
  74  7:13  Archon  
  74  7:15  Probe, Protoss Ground Weapons Level 1  
  79  7:21  Pylon  
  79  7:24  Observer  
  79  7:27  Probe  
  81  7:32  Robotics Facility  
  81  7:36  Zealot x2  
  85  7:37  Zealot x4  
  85  7:39  Probe  
  94  7:46  Observer  
  95  8:07  Observer  
  96  8:14  Gateway x2  
  96  8:17  Probe  
  96  8:18  Immortal, Probe x2  
  96  8:19  Immortal  
  91  8:30  Probe x2  
  91  8:33  Sentry x2  
  105  8:35  Pylon  
  105  8:36  Stalker x3  
  105  8:37  Stalker  
  113  8:42  Probe  
  113  8:46  Assimilator  
  114  8:48  Psionic Storm  
  114  8:49  Assimilator, Forge  
  114  8:54  Gateway, Probe  
  114  8:55  Gateway  
  115  9:00  Assimilator  
  113  9:07  Probe  
  107  9:16  Probe, Immortal x2  
  115  9:22  Probe x3  
  119  9:25  Probe  
  120  9:34  Probe x3  
  120  9:35  Pylon  
  118  9:48  Protoss Ground Weapons Level 2  
  118  9:49  Protoss Ground Armor Level 1  
  118  10:09  Zealot x4  
  118  10:10  Zealot x5  
  132  10:16  Assimilator  
  132  10:18  Pylon  
  132  10:20  Pylon  
  123  10:27  Gateway  
  123  10:28  Gateway  
  111  10:30  Gateway  
  89  10:36  High Templar x3  
  89  10:37  High Templar x2  
  89  10:38  High Templar  
  89  10:39  Zealot x3  
  107  10:49  Immortal x2  
  115  10:52  Probe x3  
  118  11:04  Nexus  
  118  11:06  Pylon  
  118  11:22  High Templar x4  
  118  11:23  Zealot x3  
  118  11:24  Zealot x2  
  136  11:27  Archon x2  
  136  11:36  Robotics Bay  
  136  11:42  Zealot x3  
  141  11:50  Stalker x5  
  141  11:57  Stalker x2  
  140  12:02  Stalker  
  140  12:03  Stalker  
  138  12:15  Stalker x2  
  140  12:17  Stalker x2  
  140  12:22  Probe  
  125  12:33  Stalker x2  
  118  12:45  High Templar x2  
  118  12:47  Probe  
  112  12:58  Archon  
  110  12:59  Stalker  
  110  13:00  Probe  
  99  13:23  Stalker x3  
  99  13:36  Probe  
  99  13:37  Probe  
  101  13:48  Probe  
  101  13:53  Pylon  
  102  14:00  Probe  
  103  14:07  Archon x2  
  103  14:08  Archon  
  103  14:12  Warp Prism  
  103  14:13  Probe  
  100  14:25  Probe  
  101  14:34  High Templar x2  
  101  14:35  High Templar x2  
  101  14:36  High Templar x2  
  105  14:38  Sentry x2  
  105  14:40  Archon  
  105  14:41  Archon x2  
  103  14:52  Probe  
  98  14:54  Stalker x2  
  98  14:55  Stalker  
  104  15:04  Probe  
  104  15:05  Probe  
  104  15:06  Probe  
Tags
 
Add a new tag
Caveats
  • Supply blocks, unpowered buildings, or Contaminate may cause inaccurate times.
  • Supply counts are checked every 10 seconds.